NYP
TRI-CITY DUST DEVILS @ WILLIAMSPORT CROSSCUTTERS
04/28/2048
 
TOP OF THE 1ST
Tri-City Dust Devils batting - Pitching for Williamsport Crosscutters : RHP Carlos Palacios
Pitching: RHP Carlos Palacios
Batting: SHB Yutaro Takahashi 0-0: Ball
1-0: Ground out 4-3 (Groundball, 4, EV 104.4 MPH)
Batting: LHB Phil Lerner 0-0: Ball
1-0: Ball
2-0: Foul Ball, location: 2F
2-1: Ball
3-1: Foul Ball, location: 2F
3-2: SINGLE (Groundball, 23, EV 64.4 MPH) (infield hit)
Batting: RHB Eric McMillian 0-0: Called Strike
0-1: Ball
1-1: Called Strike
Phil Lerner steals 2nd base (no throw)
1-2: Ball
2-2: Ball
3-2: Ground out 6-3 (Groundball, 6MS, EV 92.5 MPH)
Phil Lerner to third
Batting: LHB Chad Cutler 0-0: Ball
1-0: Called Strike
1-1: Ball
2-1: Ball
3-1: Foul Ball, location: 2F
3-2: Ground out U3 (Groundball, 34, EV 86.2 MPH)
Top of the 1st over - 0 runs, 1 hit, 0 errors, 1 left on base; Tri-City 0 - Williamsport 0
BOTTOM OF THE 1ST
Williamsport Crosscutters batting - Pitching for Tri-City Dust Devils : RHP Jamie Bostic
Pitching: RHP Jamie Bostic
Batting: RHB Jason Ostrom 0-0: Swinging Strike
0-1: Ball
1-1: Foul Ball, location: 2F
1-2: Ball
2-2: Fly out, F8 (Flyball, 8RD, EV 106.2 MPH)
Batting: SHB Art Kent 0-0: Fly out, F7 (Flyball, 78D, EV 90.6 MPH)
Batting: RHB John Manocchio 0-0: Ball
1-0: Fly out, F8 (Flyball, 8RD, EV 107.5 MPH)
Bottom of the 1st over - 0 runs, 0 hits, 0 errors, 0 left on base; Tri-City 0 - Williamsport 0
TOP OF THE 2ND
Tri-City Dust Devils batting - Pitching for Williamsport Crosscutters : RHP Carlos Palacios
Batting: SHB Isaiah Scates 0-0: Ball
1-0: Called Strike
1-1: Foul Ball, location: 2F
1-2: Ball
2-2: DOUBLE (Line Drive, 3D, EV 101.2 MPH)
Batting: RHB Hector Fernandez 0-0: Called Strike
0-1: Ball
1-1: Called Strike
1-2: Ball
2-2: Foul Ball, location: 2F
2-2: Foul Ball, location: 2F
2-2: Ground out 5-3 (Groundball, 5, EV 107.5 MPH)
Batting: RHB Phil McFadden 0-0: Called Strike
0-1: Ball
1-1: Ball
2-1: Ball
3-1: Called Strike
3-2: Base on Balls
Batting: RHB Max Stillo 0-0: Called Strike
0-1: Ball
1-1: Foul Ball, location: 2F
1-2: Foul Ball, location: 2F
1-2: Fly out, F9 (Flyball, 9LM, EV 103.1 MPH)
Runner from 2nd tags up, SAFE at 3rd, no throw by RF
Batting: RHB Oren Jones 0-0: Fly out, F4 (Popup, 4S, EV 73.8 MPH)
Top of the 2nd over - 0 runs, 1 hit, 0 errors, 2 left on base; Tri-City 0 - Williamsport 0
BOTTOM OF THE 2ND
Williamsport Crosscutters batting - Pitching for Tri-City Dust Devils : RHP Jamie Bostic
Batting: RHB John Parra 0-0: Foul Ball, location: 2F
0-1: Ball
1-1: Foul Ball, location: 2F
1-2: DOUBLE (Line Drive, 9LS, EV 110.6 MPH)
Batting: SHB Nick Chandler 0-0: Ball
1-0: Ball
2-0: Called Strike
2-1: Ball
3-1: Foul Ball, location: 2F
3-2: Strikes out looking
Batting: RHB Shintaro Katsumata 0-0: Ball
1-0: Called Strike
1-1: Ball
2-1: Called Strike
2-2: Ball
3-2: Foul Ball, location: 2F
3-2: Base on Balls
Batting: RHB Pete Deschamps 0-0: Fly out, F8 (Flyball, 8RD, EV 76.9 MPH)
Runner from 2nd tags up, SAFE at 3rd with throw by CF
Batting: RHB Nick Cottrell 0-0: Ball
1-0: Ball
2-0: Fielders Choice at 2nd, 5-4 (Groundball, 5, EV 105.0 MPH)
Bottom of the 2nd over - 0 runs, 1 hit, 0 errors, 2 left on base; Tri-City 0 - Williamsport 0
TOP OF THE 3RD
Tri-City Dust Devils batting - Pitching for Williamsport Crosscutters : RHP Carlos Palacios
Batting: SHB Yutaro Takahashi 0-0: Foul Ball, location: 2F
0-1: Called Strike
0-2: Foul Ball, location: 2F
0-2: Ball
1-2: Foul Ball, location: 2F
1-2: Ball
2-2: Foul Ball, location: 2F
2-2: Foul Ball, location: 2F
2-2: Ground out U3 (Groundball, 3S, EV 64.4 MPH)
Batting: LHB Phil Lerner 0-0: Ball
1-0: Swinging Strike
1-1: Called Strike
1-2: Foul Ball, location: 2F
1-2: Ground out 6-3 (Groundball, 6, EV 87.5 MPH)
Batting: RHB Eric McMillian 0-0: Called Strike
0-1: SINGLE (Groundball, 4S, EV 70.6 MPH) (infield hit)
Batting: LHB Chad Cutler 0-0: Ball
1-0: Fly out, F7 (Flyball, 78S, EV 82.5 MPH)
Top of the 3rd over - 0 runs, 1 hit, 0 errors, 1 left on base; Tri-City 0 - Williamsport 0
BOTTOM OF THE 3RD
Williamsport Crosscutters batting - Pitching for Tri-City Dust Devils : RHP Jamie Bostic
Batting: RHB Leon Edwards 0-0: Ball
1-0: Ball
2-0: Called Strike
2-1: Foul Ball, location: 2F
2-2: Ground out 3-1 (Groundball, 34, EV 82.5 MPH)
Batting: RHB Jason Ostrom 0-0: Swinging Strike
0-1: Ground out 5-3 (Groundball, 56, EV 105.0 MPH)
Batting: SHB Art Kent 0-0: Fly out, F7 (Flyball, 7D, EV 98.8 MPH)
Bottom of the 3rd over - 0 runs, 0 hits, 0 errors, 0 left on base; Tri-City 0 - Williamsport 0
TOP OF THE 4TH
Tri-City Dust Devils batting - Pitching for Williamsport Crosscutters : RHP Carlos Palacios
Batting: SHB Isaiah Scates 0-0: Ball
1-0: Called Strike
1-1: Ball
2-1: Ground out 6-3 (Groundball, 6, EV 90.6 MPH)
Batting: RHB Hector Fernandez 0-0: Called Strike
0-1: Foul Ball, location: 2F
0-2: Strikes out swinging
Batting: RHB Phil McFadden 0-0: Called Strike
0-1: Ball
1-1: Fly out, F9 (Flyball, 89S, EV 96.2 MPH)
Top of the 4th over - 0 runs, 0 hits, 0 errors, 0 left on base; Tri-City 0 - Williamsport 0
BOTTOM OF THE 4TH
Williamsport Crosscutters batting - Pitching for Tri-City Dust Devils : RHP Jamie Bostic
Batting: RHB John Manocchio 0-0: Foul Ball, location: 2F
0-1: Foul Ball, location: 2F
0-2: Strikes out looking
Batting: RHB John Parra 0-0: Ball
1-0: Called Strike
1-1: Ball
2-1: Ball
3-1: Called Strike
3-2: Foul Ball, location: 2F
3-2: Ground out 6-3 (Groundball, 6, EV 103.1 MPH)
Batting: SHB Nick Chandler 0-0: Ball
1-0: Ground out 3-1 (Groundball, 13, EV 82.5 MPH)
Bottom of the 4th over - 0 runs, 0 hits, 0 errors, 0 left on base; Tri-City 0 - Williamsport 0
TOP OF THE 5TH
Tri-City Dust Devils batting - Pitching for Williamsport Crosscutters : RHP Carlos Palacios
Batting: RHB Max Stillo 0-0: Foul Ball, location: 2F
0-1: Swinging Strike
0-2: Ball
1-2: Foul Ball, location: 2F
1-2: Foul Ball, location: 2F
1-2: Strikes out swinging
Batting: RHB Oren Jones 0-0: Ball
1-0: SINGLE (Groundball, 6D, EV 100.0 MPH)
Batting: SHB Yutaro Takahashi 0-0: Ball
Wild Pitch!
Oren Jones to second
1-0: Ball
2-0: Foul Ball, location: 2F
2-1: Fly out, F7 (Flyball, 7, EV 75.0 MPH)
Batting: LHB Phil Lerner 0-0: Foul Ball, location: 2F
0-1: Fly out, F7 (Flyball, 78S, EV 89.4 MPH)
Top of the 5th over - 0 runs, 1 hit, 0 errors, 1 left on base; Tri-City 0 - Williamsport 0
BOTTOM OF THE 5TH
Williamsport Crosscutters batting - Pitching for Tri-City Dust Devils : RHP Jamie Bostic
Pitching: RHP Troy Conners
Batting: RHB Shintaro Katsumata 0-0: Ball
1-0: Ball
2-0: Ball
3-0: Base on Balls
Batting: RHB Pete Deschamps Balk!
Shintaro Katsumata to second
0-0: Ball
1-0: Fly out, F8 (Flyball, 8RD, EV 78.8 MPH)
Batting: RHB Nick Cottrell 0-0: Foul Ball, location: 2F
0-1: Ball
1-1: Hit by Pitch
Batting: RHB Leon Edwards 0-0: Foul Ball, location: 2F
0-1: Grounds into double play, 4-6-3 (Groundball, 4, EV 92.5 MPH)
Bottom of the 5th over - 0 runs, 0 hits, 0 errors, 1 left on base; Tri-City 0 - Williamsport 0
TOP OF THE 6TH
Tri-City Dust Devils batting - Pitching for Williamsport Crosscutters : RHP Carlos Palacios
Batting: RHB Eric McMillian 0-0: Ball
1-0: Ball
2-0: Foul Ball, location: 2F
2-1: Ground out 4-3 (Groundball, 4, EV 84.4 MPH)
Batting: LHB Chad Cutler 0-0: Called Strike
0-1: Foul Ball, location: 2F
0-2: Ground out 3-1 (Groundball, 34, EV 86.9 MPH)
Batting: SHB Isaiah Scates 0-0: Called Strike
0-1: Ball
1-1: Called Strike
1-2: SINGLE (Line Drive, 89M, EV 90.6 MPH)
Batting: RHB Hector Fernandez 0-0: Called Strike
0-1: Foul Ball, location: 2F
0-2: Foul Ball, location: 2F
0-2: Ball
1-2: Strikes out swinging
Top of the 6th over - 0 runs, 1 hit, 0 errors, 1 left on base; Tri-City 0 - Williamsport 0
BOTTOM OF THE 6TH
Williamsport Crosscutters batting - Pitching for Tri-City Dust Devils : RHP Troy Conners
Batting: RHB Jason Ostrom 0-0: Ball
1-0: Ball
2-0: Ball
3-0: Called Strike
3-1: Ground out 6-3 (Groundball, 6, EV 88.8 MPH)
Batting: SHB Art Kent 0-0: Called Strike
0-1: Ground out 6-3 (Groundball, 4M, EV 84.4 MPH)
Batting: RHB John Manocchio 0-0: Ball
1-0: Ball
2-0: Foul Ball, location: 2F
2-1: Reached on error, E6 (Groundball, 6S, EV 84.4 MPH)
Batting: RHB John Parra 0-0: Foul Ball, location: 2F
0-1: Ball
1-1: Called Strike
1-2: Ground out 5-3 (Groundball, 5S, EV 66.9 MPH)
Bottom of the 6th over - 0 runs, 0 hits, 1 error, 1 left on base; Tri-City 0 - Williamsport 0
TOP OF THE 7TH
Tri-City Dust Devils batting - Pitching for Williamsport Crosscutters : RHP Carlos Palacios
Pitching: RHP David Deon
Batting: RHB Phil McFadden 0-0: Ball
1-0: Fly out, F9 (Flyball, 89M, EV 91.2 MPH)
Batting: RHB Max Stillo 0-0: Called Strike
0-1: Foul Ball, location: 2F
0-2: Ball
1-2: Ball
2-2: Foul Ball, location: 2F
2-2: Ball
3-2: Strikes out swinging
Batting: RHB Oren Jones 0-0: Ground out 1-3 (Groundball, 13S, EV 63.1 MPH)
Top of the 7th over - 0 runs, 0 hits, 0 errors, 0 left on base; Tri-City 0 - Williamsport 0
BOTTOM OF THE 7TH
Williamsport Crosscutters batting - Pitching for Tri-City Dust Devils : RHP Troy Conners
Batting: SHB Nick Chandler 0-0: Foul Ball, location: 2F
0-1: Swinging Strike
0-2: Ball
1-2: Ball
2-2: Strikes out swinging
Batting: RHB Shintaro Katsumata 0-0: Called Strike
0-1: Called Strike
0-2: Ball
1-2: Ball
2-2: Strikes out swinging
Batting: RHB Pete Deschamps 0-0: Called Strike
0-1: Foul Ball, location: 2F
0-2: Ball
1-2: Ball
2-2: Strikes out swinging
Bottom of the 7th over - 0 runs, 0 hits, 0 errors, 0 left on base; Tri-City 0 - Williamsport 0
TOP OF THE 8TH
Tri-City Dust Devils batting - Pitching for Williamsport Crosscutters : RHP David Deon
Batting: SHB Yutaro Takahashi 0-0: Ball
1-0: Swinging Strike
1-1: Called Strike
1-2: Strikes out swinging
Batting: LHB Phil Lerner 0-0: Ball
1-0: Called Strike
1-1: Ball
2-1: Swinging Strike
2-2: Ball
3-2: Strikes out swinging
Batting: RHB Eric McMillian 0-0: Ball
1-0: Called Strike
1-1: Called Strike
1-2: Ground out 2-3 (Groundball, 15S, EV 72.5 MPH)
Top of the 8th over - 0 runs, 0 hits, 0 errors, 0 left on base; Tri-City 0 - Williamsport 0
BOTTOM OF THE 8TH
Williamsport Crosscutters batting - Pitching for Tri-City Dust Devils : RHP Troy Conners
Pitching: RHP Marko Martin
Batting: RHB Nick Cottrell 0-0: Ball
1-0: Foul Ball, location: 2F
1-1: Ground out 4-3 (Groundball, 4, EV 83.8 MPH)
Batting: RHB Leon Edwards 0-0: Foul Ball, location: 2F
0-1: Ball
1-1: Ball
2-1: Called Strike
2-2: Strikes out swinging
Batting: RHB Jason Ostrom 0-0: Called Strike
0-1: Ball
1-1: Ball
2-1: Called Strike
2-2: Foul Ball, location: 2F
2-2: Ball
3-2: SINGLE (Line Drive, 4M, EV 103.1 MPH)
Batting: SHB Art Kent 0-0: Called Strike
Jason Ostrom is caught stealing 2nd base 2-6
Bottom of the 8th over - 0 runs, 1 hit, 0 errors, 0 left on base; Tri-City 0 - Williamsport 0
TOP OF THE 9TH
Tri-City Dust Devils batting - Pitching for Williamsport Crosscutters : RHP David Deon
Batting: LHB Chad Cutler 0-0: Ground out U3 (Groundball, 34S, EV 90.6 MPH)
Batting: SHB Isaiah Scates 0-0: Ball
1-0: Swinging Strike
1-1: Ball
2-1: Foul Ball, location: 2F
2-2: Ground out 4-3 (Groundball, 4, EV 88.1 MPH)
Batting: RHB Hector Fernandez 0-0: Ground out 5-3 (Groundball, 56S, EV 86.9 MPH)
Top of the 9th over - 0 runs, 0 hits, 0 errors, 0 left on base; Tri-City 0 - Williamsport 0
BOTTOM OF THE 9TH
Williamsport Crosscutters batting - Pitching for Tri-City Dust Devils : RHP Marko Martin
Batting: SHB Art Kent 0-0: Ground out 1-3 (Groundball, 13S, EV 71.9 MPH)
Batting: RHB John Manocchio 0-0: Ball
1-0: Foul Ball, location: 2F
1-1: Called Strike
1-2: Hit by Pitch
Batting: RHB John Parra 0-0: Ball
Wild Pitch!
John Manocchio to second
1-0: Intentional Walk
Batting: SHB Nick Chandler 0-0: Swinging Strike
0-1: Ball
1-1: Ball
2-1: Swinging Strike
2-2: Strikes out swinging
Pitching: RHP Andres Burgos
Batting: RHB Shintaro Katsumata 0-0: Ball
1-0: Ball
2-0: Fly out, F7 (Line Drive, 78M, EV 108.1 MPH)
Bottom of the 9th over - 0 runs, 0 hits, 0 errors, 2 left on base; Tri-City 0 - Williamsport 0
TOP OF THE 10TH
Tri-City Dust Devils batting - Pitching for Williamsport Crosscutters : RHP David Deon
Pitching: RHP Lance Brisson
Batting: RHB Phil McFadden 0-0: Ball
1-0: Called Strike
1-1: Ground out U3 (Groundball, 34S, EV 68.8 MPH)
Batting: RHB Max Stillo 0-0: Swinging Strike
0-1: Ball
1-1: Foul Ball, location: 2F
1-2: Ball
2-2: Ball
3-2: Base on Balls
Pinch Hitting: LHB Ramon Vega 0-0: Ball
1-0: SINGLE (Groundball, 56, EV 98.1 MPH)
Max Stillo to second
Runner from 2nd tries for 3rd, SAFE, throw by LF made to third
Batting: SHB Yutaro Takahashi 0-0: Ball
1-0: Called Strike
1-1: Ball
2-1: Called Strike
Ramon Vega steals 2nd base (no throw)
2-2: Ball
3-2: Ground out 5-3 (Groundball, 6, EV 86.2 MPH)
Batting: LHB Phil Lerner 0-0: Ball
1-0: Ground out U3 (Groundball, 3, EV 75.6 MPH)
Top of the 10th over - 0 runs, 1 hit, 0 errors, 2 left on base; Tri-City 0 - Williamsport 0
BOTTOM OF THE 10TH
Williamsport Crosscutters batting - Pitching for Tri-City Dust Devils : RHP Andres Burgos
Pitching: RHP Josh Mott
Now at SS: Chad Cutler
Now in LF: Yutaro Takahashi
Now in CF: Ramon Vega
Pinch Hitting: LHB Noel Young 0-0: Ball
1-0: Ball
2-0: Foul Ball, location: 2F
2-1: Ball
3-1: Foul Ball, location: 2F
3-2: Foul Ball, location: 2F
3-2: Foul Ball, location: 2F
3-2: Base on Balls
Batting: RHB Nick Cottrell 0-0: Ball
1-0: Bunt - Flyout to 25! F5
Batting: RHB Leon Edwards 0-0: Called Strike
0-1: Foul Ball, location: 2F
0-2: SINGLE (Line Drive, 6M, EV 101.2 MPH)
Noel Young to second
Batting: RHB Jason Ostrom 0-0: Ball
1-0: Foul Ball, location: 2F
1-1: Ball
2-1: Foul Ball, location: 2F
2-2: Fly out, F8 (Flyball, 8LD, EV 95.6 MPH)
Batting: SHB Art Kent 0-0: Ball
1-0: Swinging Strike
1-1: Ball
2-1: Swinging Strike
2-2: Foul Ball, location: 2F
2-2: Ground out 4-3 (Groundball, 4, EV 108.8 MPH)
Bottom of the 10th over - 0 runs, 1 hit, 0 errors, 2 left on base; Tri-City 0 - Williamsport 0
TOP OF THE 11TH
Tri-City Dust Devils batting - Pitching for Williamsport Crosscutters : RHP Lance Brisson
Now at C: Bill Williams
Batting: RHB Eric McMillian 0-0: Ball
1-0: Foul Ball, location: 2F
1-1: Swinging Strike
1-2: Ball
2-2: Ball
3-2: DOUBLE (Line Drive, 9LM, EV 106.2 MPH)
Batting: LHB Chad Cutler 0-0: Ball
1-0: Called Strike
1-1: Ball
2-1: Foul Ball, location: 2F
2-2: Ground out 6-3 (Groundball, 6, EV 78.1 MPH)
Batting: SHB Isaiah Scates 0-0: Foul Ball, location: 2F
0-1: Ball
1-1: Called Strike
1-2: Ground out 1-3 (Groundball, 13, EV 72.5 MPH)
Eric McMillian to third
Batting: RHB Hector Fernandez 0-0: Foul Ball, location: 2F
0-1: Swinging Strike
0-2: Foul Ball, location: 2F
0-2: Ball
1-2: Strikes out swinging
Top of the 11th over - 0 runs, 1 hit, 0 errors, 1 left on base; Tri-City 0 - Williamsport 0
BOTTOM OF THE 11TH
Williamsport Crosscutters batting - Pitching for Tri-City Dust Devils : RHP Josh Mott
Pitching: RHP Gilberto Ricalde
Batting: RHB John Manocchio 0-0: Swinging Strike
0-1: Foul Ball, location: 2F
0-2: Strikes out swinging
Batting: RHB John Parra 0-0: Foul Ball, location: 2F
0-1: Ground out 2-3 (Groundball, 2R, EV 75.6 MPH)
Batting: SHB Nick Chandler 0-0: SINGLE (Line Drive, 3D, EV 98.1 MPH)
Batting: RHB Shintaro Katsumata 0-0: Ball
1-0: Ball
2-0: Swinging Strike
2-1: Ball
3-1: Foul Ball, location: 2F
3-2: Strikes out swinging
Bottom of the 11th over - 0 runs, 1 hit, 0 errors, 1 left on base; Tri-City 0 - Williamsport 0
TOP OF THE 12TH
Tri-City Dust Devils batting - Pitching for Williamsport Crosscutters : RHP Lance Brisson
Pitching: RHP Si-dao Xia
Batting: RHB Phil McFadden 0-0: Ball
1-0: Ball
2-0: SINGLE (Groundball, 34D, EV 99.4 MPH)
Batting: RHB Max Stillo 0-0: Called Strike
0-1: Ball
1-1: Swinging Strike
1-2: Foul Ball, location: 2F
1-2: Strikes out looking
Batting: LHB Ramon Vega 0-0: Ball
1-0: Called Strike
1-1: Called Strike
1-2: Fielders Choice at 2nd, 4-6 (Groundball, 4D, EV 100.0 MPH)
Batting: SHB Yutaro Takahashi 0-0: Ball
1-0: Foul Ball, location: 2F
1-1: Called Strike
Ramon Vega steals 2nd base
1-2: Ball
2-2: Strikes out swinging
Top of the 12th over - 0 runs, 1 hit, 0 errors, 1 left on base; Tri-City 0 - Williamsport 0
BOTTOM OF THE 12TH
Williamsport Crosscutters batting - Pitching for Tri-City Dust Devils : RHP Gilberto Ricalde
Pinch Hitting: LHB Jorge Zermeno 0-0: Called Strike
0-1: Foul Ball, location: 2F
0-2: Ball
1-2: Foul Ball, location: 2F
1-2: Strikes out swinging
Batting: RHB Nick Cottrell 0-0: Ball
1-0: Ball
2-0: Ball
3-0: Called Strike
3-1: Foul Ball, location: 2F
3-2: Foul Ball, location: 2F
3-2: Foul Ball, location: 2F
3-2: Base on Balls
Batting: RHB Leon Edwards 0-0: Called Strike
0-1: Ball
1-1: Ball
2-1: Bunted foul
2-2: Foul Ball, location: 2F
2-2: Fielders Choice at 2nd, 6-4 (Groundball, 6, EV 88.8 MPH)
Batting: RHB Jason Ostrom 0-0: Ball
Leon Edwards steals 2nd base
1-0: Swinging Strike
1-1: Swinging Strike
1-2: Ball
2-2: Strikes out swinging
Bottom of the 12th over - 0 runs, 0 hits, 0 errors, 1 left on base; Tri-City 0 - Williamsport 0
TOP OF THE 13TH
Tri-City Dust Devils batting - Pitching for Williamsport Crosscutters : RHP Si-dao Xia
Now at C: Justin Harris
Batting: LHB Phil Lerner 0-0: Swinging Strike
0-1: Swinging Strike
0-2: Ball
1-2: Strikes out swinging
Batting: RHB Eric McMillian 0-0: Called Strike
0-1: Ball
1-1: Fly out, F9 (Flyball, 9, EV 81.2 MPH)
Batting: LHB Chad Cutler 0-0: Called Strike
0-1: Foul Ball, location: 2F
0-2: Foul Ball, location: 2F
0-2: Ball
1-2: Ball
2-2: Foul Ball, location: 2F
2-2: Ball
3-2: Strikes out looking
Top of the 13th over - 0 runs, 0 hits, 0 errors, 0 left on base; Tri-City 0 - Williamsport 0
BOTTOM OF THE 13TH
Williamsport Crosscutters batting - Pitching for Tri-City Dust Devils : RHP Gilberto Ricalde
Pitching: RHP Roger Watkins
Batting: SHB Art Kent 0-0: Ball
1-0: Ground out U3 (Groundball, 3, EV 82.5 MPH)
Batting: RHB John Manocchio 0-0: Called Strike
0-1: Called Strike
0-2: Ball
1-2: Ball
2-2: Strikes out swinging
Batting: RHB John Parra 0-0: Ball
1-0: Called Strike
1-1: Ball
2-1: Called Strike
2-2: Strikes out looking
Bottom of the 13th over - 0 runs, 0 hits, 0 errors, 0 left on base; Tri-City 0 - Williamsport 0
TOP OF THE 14TH
Tri-City Dust Devils batting - Pitching for Williamsport Crosscutters : RHP Si-dao Xia
Batting: SHB Isaiah Scates 0-0: Called Strike
0-1: Ground out 1-3 (Groundball, 34S, EV 75.6 MPH)
Batting: RHB Hector Fernandez 0-0: Foul Ball, location: 2F
0-1: SINGLE (Groundball, 6D, EV 100.0 MPH)
Batting: RHB Phil McFadden 0-0: Called Strike
0-1: Ground out 6-3 (Groundball, 6S, EV 69.4 MPH)
Hector Fernandez to second
Batting: RHB Max Stillo 0-0: Called Strike
0-1: Ball
1-1: Called Strike
1-2: Ball
2-2: Foul Ball, location: 2F
2-2: Foul Ball, location: 2F
2-2: Ball
3-2: Base on Balls
Pitching: RHP Vince DeFord
Batting: LHB Ramon Vega 0-0: Ball
1-0: Ball
2-0: Called Strike
2-1: DOUBLE (Flyball, 8RD, EV 100.0 MPH)
Hector Fernandez scores
Max Stillo to third
Runner from 3rd tries for Home, SAFE, throw by CF to home
Batting: SHB Yutaro Takahashi 0-0: Ball
1-0: Ball
2-0: Ball
3-0: Base on Balls
Batting: LHB Phil Lerner 0-0: Called Strike
0-1: Swinging Strike
0-2: Strikes out swinging
Top of the 14th over - 2 runs, 2 hits, 0 errors, 2 left on base; Tri-City 2 - Williamsport 0
BOTTOM OF THE 14TH
Williamsport Crosscutters batting - Pitching for Tri-City Dust Devils : RHP Roger Watkins
Batting: SHB Nick Chandler 0-0: Ball
1-0: Ball
2-0: SOLO HOME RUN (Flyball, 9D, EV 98.8 MPH), Distance : 387 ft
Batting: RHB Shintaro Katsumata 0-0: Called Strike
0-1: Foul Ball, location: 2F
0-2: Ball
1-2: Strikes out swinging
Pitching: RHP Chris Pisor
Batting: RHB Justin Harris 0-0: Ball
1-0: Ball
2-0: Ball
3-0: Called Strike
3-1: Called Strike
3-2: Foul Ball, location: 2F
3-2: Strikes out swinging
Batting: RHB Nick Cottrell 0-0: Ball
1-0: Ball
2-0: Swinging Strike
2-1: Called Strike
2-2: Foul Ball, location: 2F
2-2: Strikes out swinging
Bottom of the 14th over - 1 run, 1 hit, 0 errors, 0 left on base; Tri-City 2 - Williamsport 1
Tuesday, March 28th , 2023 - OOTP Baseball 23.10 Build 110